AoeStats
← Fazzz7z

Arabia

505063888Analyzed
2v2 RM · 25d ago on Sep 7, 2026· 38m 25s· 4 players
Game mode
Random Map
Map size
Medium (4 player)
Population
200
Speed
Normal
Resources
Standard
Victory
Conquest
Starting age
Dark Age
Ending age
Imperial Age
RankedLock teamsTeams togetherTeam positionsShared explorationLock speedFull tech treeHidden civsTurbo modeCheats
Victory
Defeat
🇨🇳 Poles · China
1444
+17
🇬🇧 Khitans · United Kingdom
1409
+19
🇩🇪 Ethiopians · Germany
1511
-20
🇩🇪 Franks · Germany
1426
-16
Yo
5:54 Loom
8:54 Feudal Age
9:33 Double-Bit Axe
9:43 Horse Collar
18:47 Wheelbarrow
18:39 Scale Barding Armor
19:46 Bloodlines
23:53 Castle Age
22:50 Gold Mining
23:12 Forging
24:56 Chain Barding Armor
24:39 Husbandry
24:45 Town Watch
26:36 Bow Saw
27:13 Iron Casting
28:18 Heavy Plow
29:58 Szlachta Privileges
32:40 Hand Cart
39:38 Imperial Age
37:43 Stone Mining
Fazzz7z
6:25 Loom
9:40 Feudal Age
10:30 Double-Bit Axe
11:22 Man-at-Arms
11:58 Domestication
17:10 Forging
18:44 Scale Barding Armor
20:44 Wheelbarrow
24:58 Castle Age
23:02 Gold Mining
25:48 Husbandry
25:30 Light Cavalry
25:58 Light Cavalry
27:13 Chain Barding Armor
27:29 Iron Casting
27:30 Bow Saw
30:53 Pastoralism
32:12 Town Watch
33:31 Stone Mining
37:00 Hand Cart
40:29 Imperial Age
Tilt Eulenspiegel
6:43 Loom
9:22 Feudal Age
9:51 Double-Bit Axe
14:56 Fletching
22:59 Castle Age
21:06 Horse Collar
21:42 Padded Archer Armor
23:20 Gold Mining
23:01 Crossbowman
23:48 Bodkin Arrow
25:42 Ballistics
31:14 Bow Saw
dec
5:58 Loom
9:07 Feudal Age
18:10 Double-Bit Axe
21:19 Castle Age
21:09 Scale Barding Armor
21:14 Forging
23:24 Bow Saw
25:56 Husbandry
27:28 Chain Barding Armor
27:48 Pikeman
28:39 Scale Mail Armor
29:08 Squires
31:54 Arson
34:29 Wheelbarrow
35:48 Chain Mail Armor
36:08 Iron Casting
Connection lost

Rejoining the realm…

Still unreachable

The connection could not be restored.

Session expired

The server has moved on; the page needs a fresh start.